 Dungeon Crawl Stone Soup version 0.23.2-33-g5129a83184 (webtiles) character file.

Game seed: 9968370216219405864

89966 Matador8 the Carver (level 15, -1/115 HPs)
             Began as a Vampire Necromancer on June 25, 2019.
             Was an Elder of Kikubaaqudgha.
             Slain by a demonic crawler (8 damage)
             ... on level 2 of the Spider Nest on June 26, 2019.
             The game lasted 04:58:23 (34310 turns).

Matador8 the Carver (Vampire Necromancer)          Turns: 34310, Time: 04:58:25

Health: -1/115     AC:  8    Str: 20    XL:     15   Next: 50%
Magic:  16/28      EV: 24    Int: 22    God:    Kikubaaqudgha [****..]
Gold:   2411       SH:  0    Dex: 18    Spells: 4/33 levels left

rFire    + . .     SeeInvis +   a - +1 scimitar (vamp)
rCold    + + .     Gourm    .   n - +1 buckler "Weonolob" {*Contam +Fly Str+7 Dex-2}
rNeg     + + +     Faith    .   E - +4 robe "Vytothuog" {Str+5 Dex+4}
rPois    ∞         Spirit   .   m - +0 helmet
rElec    .         Reflect  .   (no cloak)
rCorr    .         Harm     .   (no gloves)
MR       +....                  z - +0 pair of boots
Stlth    +++.......             l - amulet of regeneration
HPRegen  0.00/turn              Q - +6 ring of evasion
MPRegen  0.21/turn              L - ring of protection from fire

@: confused, bloodless, non-regenerating
A: fangs 3, see invisible, unbreathing
a: Bat Form, Receive Corpses, Renounce Religion, Evoke Flight


You were on level 2 of the Spider Nest.
You worshipped Kikubaaqudgha.
Kikubaaqudgha was greatly pleased with you.
You were bloodless.

You visited 5 branches of the dungeon, and saw 26 of its levels.
You also visited: Gauntlet.

You collected 3801 gold pieces.
You spent 1390 gold pieces at shops.

Inventory:

Hand Weapons
 a - a +1 vampiric scimitar (weapon)
 b - a +3 scimitar of flaming
Armour
 m - a +0 helmet (worn)
 n - the +1 buckler "Weonolob" (worn) {*Contam +Fly Str+7 Dex-2}
   (You found it on level 6 of the Dungeon)

   It affects your strength (+7).
   It affects your dexterity (-2).
   It lets you fly.
   It causes magical contamination when unequipped.
 z - a +0 pair of boots (worn)
 E - the +4 robe "Vytothuog" (worn) {Str+5 Dex+4}
   (You found it on level 1 of the Lair of Beasts)

   It affects your strength (+5).
   It affects your dexterity (+4).
Jewellery
 l - an amulet of regeneration (around neck)
 p - a cursed -3 ring of dexterity {unknown}
 r - an uncursed ring of poison resistance
 t - an uncursed ring of protection from magic
 L - a ring of protection from fire (right hand)
 Q - a +6 ring of evasion (left hand)
Wands
 e - a wand of flame (30)
 w - a wand of disintegration (5)
 C - a wand of iceblast (6)
 H - a wand of paralysis (9)
 N - a wand of scattershot (4)
 U - a wand of digging (9)
Scrolls
 d - 6 scrolls of remove curse
 f - 2 scrolls of identify
 g - 8 scrolls of teleportation
 i - a scroll of amnesia
 j - a scroll of torment
 k - 4 scrolls of magic mapping
 o - 2 scrolls of blinking
 v - 4 scrolls of fog
 y - 4 scrolls of fear
 A - 3 scrolls of enchant armour
 D - a scroll of enchant weapon {unknown}
Potions
 h - a potion of heal wounds
 q - 5 potions of berserk rage
 s - 2 potions of might
 u - 2 potions of resistance
 x - 3 potions of flight
 B - 3 potions of curing
 G - 3 potions of haste
 I - a potion of lignification {unknown}
 J - 2 potions of cancellation
 M - a potion of agility {unknown}
 P - a potion of ambrosia {unknown}
 R - 2 potions of brilliance


   Skills:
 - Level 10.0 Fighting
   Level 4.4(10.8) Short Blades
 - Level 13.8(14.0) Long Blades
   Level 3.0 Maces & Flails
 - Level 7.8 Dodging
 - Level 4.2 Stealth
 - Level 4.4 Shields
 + Level 9.9 Spellcasting
 - Level 4.0 Conjurations
 - Level 4.0 Charms
 + Level 12.6 Necromancy
 - Level 3.0 Translocations
 - Level 3.4 Fire Magic
 - Level 4.7 Air Magic
 - Level 5.0 Earth Magic
 - Level 4.2 Poison Magic


You had 4 spell levels left.
You knew the following spells:

 Your Spells              Type           Power        Failure   Level  Hunger
b - Animate Skeleton      Necr           N/A          1%          1    None
c - Vampiric Draining     Necr           ######....   1%          3    None
d - Regeneration          Chrm/Necr      #####.....   1%          3    None
e - Animate Dead          Necr           N/A          1%          4    ##.....
f - Blink                 Tloc           N/A          2%          2    None
g - Conjure Flame         Conj/Fire      ####....     4%          3    None
h - Mephitic Cloud        Conj/Pois/Air  ####....     3%          3    None
i - Borgnjor's Vile Clut  Necr/Erth      #####.....   4%          5    ####...
j - Dispel Undead         Necr           ######..     1%          5    ####...

Your spell library contained the following spells:

 Spells                   Type           Power        Failure   Level  Hunger
 Magic Dart               Conj           ####         1%          1    None
 Pain                     Necr           ####         1%          1    None
 Sting                    Conj/Pois      ####         1%          1    None
 Corpse Rot               Necr           N/A          1%          2    None
 Poisonous Vapours        Pois/Air       ####..       1%          2    None
 Sublimation of Blood     Necr           ######....   1%          2    None
 Stone Arrow              Conj/Erth      ####..       2%          3    None
 Corona                   Hex            ##.....      6%          1    None
 Inner Flame              Hex/Fire       ###.....     9%          3    None
 Call Imp                 Summ           ##......     10%         2    None
 Slow                     Hex            ##......     10%         2    None
 Portal Projectile        Hex/Tloc       ###...       10%         3    None
 Olgreb's Toxic Radiance  Pois           ####....     11%         4    ##.....
 Leda's Liquefaction      Hex/Erth       ###.......   22%         4    ##.....
 Summon Lightning Spire   Summ/Air       ###.....     24%         4    ##.....
 Cause Fear               Hex            ##........   52%         4    ##.....
 Agony                    Necr           ######..     1%          5    ####...
 Death Channel            Necr           ######....   4%          6    ######.
 Bolt of Draining         Conj/Necr      #####.....   5%          5    ####...
 Excruciating Wounds      Chrm/Necr      #####.....   5%          5    ####...
 Venom Bolt               Conj/Pois      ####......   30%         5    ####...
 Silence                  Hex/Air        ###.......   54%         5    ####...
 Summon Forest            Summ/Tloc      ###.......   67%         5    ####...
 Conjure Ball Lightning   Conj/Air       ####......   83%         6    ######.
 Deflect Missiles         Chrm/Air       ####......   83%         6    ######.
 Freezing Cloud           Conj/Ice/Air   ###.......   96%         6    ######.
 Hydra Form               Tmut           ##........   100%        6    ######.
 Ring of Flames           Chrm/Fire      ####......   100%        7    #######
 Summon Hydra             Summ           ##........   100%        7    #######
 Tornado                  Air            ####......   100%        9    #######


Dungeon Overview and Level Annotations

Branches:
Dungeon (15/15)            Temple (1/1) D:5            Lair (6/6) D:9
 Shoals (0/4) Lair:3       Spider (2/4) Lair:3        Slime (0/5) Lair:6
    Orc (2/2) D:11            Elf (0/3) Orc:2        Vaults (0/5) D:14
 Depths (0/5) D:15

Altars:
Cheibriados
Fedhas
Gozag
Hepliaklqana
Kikubaaqudgha
Makhleb
Qazlal
Sif Muna
Trog
Uskayaw
Wu Jian
Xom
Zin
Beogh
Jiyva

Shops:
D:11 [   D:14 ?=*   D:15 (   Orc:2 !?(:

Portals:
Pandemonium: Orc:2

Annotations:
D:3 2 transporters, Frank's ghost, amateur OpFi
D:6 exclusion: oklob plant
D:10 Josephine
D:11 2 transporters, bmj180's ghost, journeyman GrEE
D:12 1 runed translucent door
D:14 Frances
Lair:3 1 runed translucent door, Raczehui's ghost, journeyman MiFi
Lair:4 exclusion: 2 oklob plants
Lair:6 1 runed translucent door
Spider:1 3 runed translucent doors, bmj180's ghost, adept GrEE


Innate Abilities, Weirdness & Mutations

You do not heal naturally.
You are immune to poison.
You have razor-sharp teeth.
You have supernaturally acute eyesight. (SInv)
You can survive without breathing.


Message History

The zombie hands release their grip on the demonic crawler.
The zombie hands release their grip on the tarantella.
The hornet closely misses you.
Your redback zombie misses the hornet.
The demonic crawler completely misses you.
The demonic crawler closely misses you. x2; The jumping spider leaps!
The tarantella closely misses you. The hornet stings you!
* * * LOW HITPOINT WARNING * * *
In your confused state, you trip and fall back down the stairs.
* * * LOW HITPOINT WARNING * * *
Your redback zombie closely misses the hornet.
The demonic crawler closely misses you.
The demonic crawler completely misses you.
The demonic crawler hits you!
* * * LOW HITPOINT WARNING * * *
The tarantella misses you.
The hornet stings you but does no damage.
Your redback zombie closely misses the hornet.
The demonic crawler hits you!
You die...
Kikubaaqudgha rasps: "You have failed me!
Welcome... oblivion!"

...#...#....≈...≈#
.$.....≈....#.}.#
.......#......###
)..............≈##
..............s..#
........^........≈#
.....≈#....^○.)...#
.....≈#..sZ.#....##
....^ ##.y@......#
..... ##..s###.##
..#. #..### ## #≈≈≈
####


You could see a demonic crawler, a hornet, a jumping spider, a tarantella and a
friendly redback zombie.

Vanquished Creatures
  An orc warlord (Orc:1)
  An entropy weaver (Spider:1)
  A dire elephant (D:15)
  2 hydras (Lair:6)
  4 centaur warriors
  5 two-headed ogres
  5 orc high priests (Orc:2)
  2 sun demons (Orc:2)
  2 skeletal warriors (D:15)
  A fire crab (Lair:6)
  An unseen horror (D:11)
  A deep troll (D:11)
  A glowing orange brain (D:14)
  An infernal demonspawn (Orc:2)
  2 gelid demonspawn (Orc:2)
  4 orc knights (Orc:2)
  A torturous demonspawn (Orc:2)
  An orb spider (Spider:1)
  4 orc sorcerers
  A harpy (shapeshifter) (D:13)
  A manticore (D:15)
  10 wolf spiders
  2 deep elf magi
  7 ugly things
  A salamander (D:15)
  6 black mambas
  4 elephants
  A molten gargoyle (Lair:6)
  4 spiny frogs
  Joseph (D:7)
  5 centaur skeletons
  2 torpor snails (Spider:1)
  A kobold demonologist (D:14)
  5 komodo dragons
  2 yaktaurs (D:14)
  A demonic crawler (Spider:1)
  A red devil (Orc:2)
  3 ice devils
  2 jumping spiders (Spider:1)
  3 slime creatures (D:13)
  10 trolls
  3 meliai
  3 blink frogs
  9 hippogriffs
  19 redbacks
  Sigmund (D:2)
  2 shadows
  A wraith (D:13)
  A water elemental (D:14)
  2 vampires
  12 tarantellas (Spider:1)
  4 wyverns
  2 basilisks
  6 fire bats
  25 yaks
  2 chaos spawn (Orc:2)
  3 vampire mosquitoes (D:15)
  3 hungry ghosts
  2 wargs
  2 steam dragons
  3 hell hounds (Lair:6)
  An acid dragon (D:14)
  7 porcupines
  7 water moccasins
  38 orc warriors
  3 ice beasts
  7 sky beasts
  2 black bears
  2 phantoms
  11 ogres
  An eye of draining (D:13)
  6 wolves
  4 centaurs
  11 crocodiles
  A big kobold (D:7)
  A wyvern zombie (D:13)
  26 bullfrogs
  8 scorpions
  A hornet simulacrum (D:14)
  12 killer bees
  11 electric eels
  7 wights
  7 howler monkeys
  3 centaur zombies
  2 lava snakes (Lair:6)
  6 crimson imps
  2 bullfrog zombies
  3 quasits
  A gnoll shaman (D:3)
  4 jellies
  5 bullfrog skeletons
  5 hounds
  33 orc priests
  3 iguanas
  30 orc wizards
  8 worker ants
  Robin (D:2)
  2 worker ant zombies
  A howler monkey skeleton (D:4)
  12 adders
  6 gnolls
  3 shadow imps
  2 oozes
  An adder skeleton (D:6)
  3 worms
  5 dart slugs
  A leopard gecko (D:7)
  95 orcs
  10 bats
  10 giant cockroaches
  15 goblins
  13 hobgoblins
  A jackal (D:4)
  2 quokkas (D:3)
  2 ball pythons (D:2)
  A ball python skeleton (D:4)
  8 frilled lizards
  9 kobolds
  5 rats
705 creatures vanquished.

Vanquished Creatures (collateral kills)
  An entropy weaver (Spider:1)
  A fire dragon (Lair:6)
  2 two-headed ogres
  Urug (Orc:2)
  3 orc high priests (Orc:2)
  A skeletal warrior (D:15)
  2 orc knights
  2 ugly things (D:15)
  2 wolf spiders (Spider:1)
  2 orb spiders (Spider:1)
  An orc sorcerer (Orc:2)
  A deep elf mage (D:13)
  5 elephants
  A rust devil (Orc:2)
  A molten gargoyle (Lair:6)
  Psyche (D:11)
  4 spiny frogs
  An efreet (D:14)
  A demonic crawler (Spider:1)
  3 komodo dragons
  5 jumping spiders (Spider:1)
  A polar bear (Lair:4)
  3 blink frogs
  4 hippogriffs
  4 tarantellas (Spider:1)
  A redback (Spider:1)
  A wraith (D:14)
  10 yaks
  2 wyverns (Lair:6)
  4 basilisks
  A warg (Orc:2)
  2 acid dragons (D:13)
  A soldier ant (D:14)
  3 water moccasins
  9 orc warriors
  4 black bears
  2 ogres
  4 wolves
  A big kobold (D:9)
  3 centaurs
  A crocodile (Lair:3)
  3 bullfrogs
  3 killer bees (D:9)
  5 wights
  2 crimson imps
  2 lava snakes (Lair:6)
  5 orc priests
  7 orc wizards
  A worker ant (D:4)
  A hound skeleton (D:4)
  An ooze (D:6)
  A leopard gecko (D:6)
  16 orcs
  2 jackals (D:4)
  3 kobolds
  16 fungi
  2 plants
172 creatures vanquished.

Vanquished Creatures (others)
  An unseen horror (D:13)
  An orc wizard (D:13)
  54 fungi
  18 plants
74 creatures vanquished.

Grand Total: 951 creatures vanquished

Notes
Turn   | Place    | Note
-------+----------+-------------------------------------------
     0 | D:1      | Matador8 the Vampire Necromancer began the quest for the
                  | Orb.
     0 | D:1      | Reached XP level 1. HP: 13/13 MP: 3/3
   367 | D:1      | Reached XP level 2. HP: 9/19 MP: 1/5
  1018 | D:2      | Learned a level 1 spell: Animate Skeleton
  1170 | D:2      | Noticed Robin
  1240 | D:1      | Reached skill level 5 in Necromancy
  1240 | D:1      | Reached XP level 3. HP: 17/24 MP: 7/7
  1552 | D:2      | Killed Robin
  2024 | D:2      | Learned a level 3 spell: Vampiric Draining
  2247 | D:2      | Reached XP level 4. HP: 30/30 MP: 8/8
  2251 | D:2      | Noticed Sigmund
  2255 | D:2      | Reached skill level 1 in Short Blades
  2294 | D:2      | Found a hide-covered altar of Uskayaw.
  2323 | D:2      | Learned a level 3 spell: Regeneration
  2601 | D:3      | Found a transporter.
  2601 | D:3      | Noticed Frank's ghost (amateur OpFi)
  2601 | D:3      | Noticed an ogre
  2602 | D:3      | Found a transporter.
  2843 | D:3      | Reached XP level 5. HP: 30/35 MP: 5/10
  3091 | D:3      | Found a bloodstained altar of Trog.
  3633 | D:4      | Noticed a phantom
  4087 | D:4      | Found a stormy altar of Qazlal.
  4243 | D:4      | Noticed an ogre
  4408 | D:3      | Reached XP level 6. HP: 30/41 MP: 3/12
  4619 | D:4      | Found a glowing silver altar of Zin.
  4697 | D:4      | Reached skill level 5 in Spellcasting
  4748 | D:4      | Reached XP level 7. HP: 44/46 MP: 14/14
  5031 | D:2      | Killed Sigmund
  5031 | D:2      | Reached skill level 1 in Maces & Flails
  5492 | D:5      | Entered Level 5 of the Dungeon
  5935 | D:5      | Learned a level 4 spell: Animate Dead
  5954 | D:5      | Reached XP level 8. HP: 50/52 MP: 8/15
  5989 | D:5      | Noticed a troll
  6223 | D:5      | Found a staircase to the Ecumenical Temple.
  6236 | Temple   | Entered the Ecumenical Temple
  6253 | Temple   | Became a worshipper of Kikubaaqudgha
  6363 | D:5      | Reached skill level 1 in Fighting
  6520 | D:5      | Learned a level 2 spell: Blink
  6716 | D:6      | Reached skill level 1 in Translocations
  6759 | D:6      | Noticed an oklob plant
  7158 | D:6      | Got a smoking buckler
  7158 | D:6      | Reached * piety under Kikubaaqudgha
  7158 | D:6      | Identified Kikubaaqudgha's Incunabulum of Black Rites
                  | (Kikubaaqudgha gifted it to you on level 6 of the Dungeon)
  7158 | D:6      | Received a gift from Kikubaaqudgha
  7456 | D:6      | Learned a level 3 spell: Conjure Flame
  7593 | D:6      | Reached XP level 9. HP: 67/67 MP: 16/16
  7775 | D:7      | Reached skill level 5 in Fighting
  7973 | D:6      | Reached skill level 1 in Fire Magic
  8047 | D:6      | Reached skill level 1 in Conjurations
  8126 | D:7      | Reached ** piety under Kikubaaqudgha
  8208 | D:7      | Noticed Joseph
  8234 | D:7      | Killed Joseph
  8777 | D:7      | Identified the +1 buckler "Weonolob" {*Contam +Fly Str+7
                  | Dex-2} (You found it on level 6 of the Dungeon)
  9161 | D:8      | Reached skill level 1 in Shields
  9161 | D:8      | Reached XP level 10. HP: 45/77 MP: 4/17
  9778 | D:8      | Noticed a gargoyle
  9778 | D:8      | Noticed a centaur warrior
  9779 | D:8      | Noticed a catoblepas
  9780 | D:8      | Noticed a manticore
 10137 | D:8      | Noticed a two-headed ogre
 10152 | D:8      | Killed a two-headed ogre
 10480 | D:8      | Found an ornate altar of the Wu Jian Council.
 10480 | D:8      | Found a faded altar of an unknown god.
 10485 | D:8      | Found a faded altar of an unknown god.
 10487 | D:8      | Found a burning altar of Makhleb.
 10488 | D:8      | Found a deep blue altar of Sif Muna.
 10855 | D:9      | You fall through a shaft for 3 floors!
 10864 | D:11     | Noticed a brown ugly thing
 10892 | D:11     | Reached *** piety under Kikubaaqudgha
 10892 | D:11     | Identified Kikubaaqudgha's Collected Works on Unholy Magic
                  | (Kikubaaqudgha gifted it to you on level 11 of the Dungeon)
 10892 | D:11     | Received a gift from Kikubaaqudgha
 10899 | D:11     | Found Qataim's Armour Shoppe.
 10905 | D:11     | Found a transporter.
 10908 | D:11     | Found a transporter.
 10908 | D:11     | Noticed bmj180's ghost (journeyman GrEE)
 11130 | D:10     | Entered Level 10 of the Dungeon
 11332 | D:9      | Reached skill level 1 in Long Blades
 11349 | D:9      | Found a staircase to the Lair.
 11716 | D:8      | Reached skill level 2 in Long Blades
 11795 | D:9      | Reached skill level 3 in Long Blades
 11874 | D:9      | Reached skill level 4 in Long Blades
 12165 | D:9      | Reached XP level 11. HP: 70/83 MP: 6/18
 12314 | D:9      | Reached skill level 5 in Long Blades
 12314 | D:9      | Reached skill level 5 in Dodging
 12743 | D:10     | Noticed a two-headed ogre
 12755 | D:10     | Killed a two-headed ogre
 12755 | D:10     | Reached skill level 6 in Long Blades
 12833 | D:10     | HP: 4/83 [hippogriff (2)]
 13095 | D:10     | Reached skill level 7 in Long Blades
 13212 | D:10     | Reached **** piety under Kikubaaqudgha
 13464 | D:10     | Noticed Josephine
 13562 | Lair:1   | Entered Level 1 of the Lair of Beasts
 13768 | Lair:1   | Reached skill level 8 in Long Blades
 13974 | Lair:1   | Got a bloodstained robe
 14259 | Lair:1   | Reached skill level 9 in Long Blades
 14460 | Lair:1   | Identified the +4 robe "Vytothuog" {Str+5 Dex+4} (You found
                  | it on level 1 of the Lair of Beasts)
 15598 | Lair:3   | Reached skill level 10 in Long Blades
 15644 | Lair:3   | Found a hole to the Spider Nest.
 15773 | Lair:3   | Reached XP level 12. HP: 78/89 MP: 19/19
 15949 | Lair:3   | Found a staircase to the Shoals.
 16440 | Lair:3   | Found a runed translucent door.
 16440 | Lair:3   | Noticed Raczehui's ghost (journeyman MiFi)
 16447 | Lair:3   | Reached skill level 11 in Long Blades
 16587 | Lair:4   | You fall through a shaft for 2 floors!
 16587 | Lair:6   | Entered Level 6 of the Lair of Beasts
 17081 | Lair:4   | Reached skill level 12 in Long Blades
 18566 | Lair:5   | Reached skill level 13 in Long Blades
 19258 | Lair:6   | Found a runed translucent door.
 19260 | Lair:6   | Found a viscous altar of Jiyva.
 19262 | Lair:6   | Found a staircase to the Slime Pits.
 19425 | Lair:6   | Learned a level 3 spell: Mephitic Cloud
 19736 | Lair:6   | Noticed a four-headed hydra
 19910 | Lair:6   | Killed a six-headed hydra
 19910 | Lair:6   | Reached skill level 1 in Air Magic
 19910 | Lair:6   | Reached skill level 1 in Poison Magic
 19956 | Lair:6   | Reached XP level 13. HP: 50/95 MP: 6/20
 20550 | Lair:6   | Noticed a fire dragon
 20552 | Lair:6   | Found a large runed translucent door.
 20552 | Lair:6   | Found a large runed translucent door.
 20711 | Lair:6   | Killed a fire dragon
 20936 | D:11     | Noticed Psyche
 21097 | D:11     | Killed Psyche
 21232 | D:11     | Found a snail-covered altar of Cheibriados.
 21232 | D:11     | Found an opulent altar of Gozag.
 21251 | D:11     | Noticed a storm dragon
 21979 | D:11     | Found a staircase to the Orcish Mines.
 22600 | Orc:1    | Entered Level 1 of the Orcish Mines
 22773 | Orc:1    | Found a dark tunnel.
 23214 | Orc:1    | Upgraded the game from 0.23.2-30-g0e89c35649 to
                  | 0.23.2-33-g5129a83184
 23220 | Orc:2    | Entered Level 2 of the Orcish Mines
 23355 | Orc:2    | Reached ***** piety under Kikubaaqudgha
 23533 | Orc:2    | Noticed Urug
 23547 | Orc:2    | Killed Urug
 23784 | Orc:2    | Found a roughly hewn altar of Beogh.
 23843 | Orc:2    | Found a staircase to the Elven Halls.
 23851 | Orc:2    | Noticed an orc warlord
 24598 | Orc:1    | Killed an orc warlord
 25022 | Orc:2    | Found Ibat's Distillery.
 25261 | Orc:2    | Found Raanupro's Magic Scroll Boutique.
 25591 | Orc:2    | Reached XP level 14. HP: 39/103 MP: 26/26
 26685 | Orc:2    | Learned a level 5 spell: Borgnjor's Vile Clutch
 26927 | Orc:2    | Bought a scroll of identify for 26 gold pieces
 26927 | Orc:2    | Bought a scroll of teleportation for 39 gold pieces
 26927 | Orc:2    | Bought a scroll of holy word for 97 gold pieces
 26927 | Orc:2    | Bought a scroll of identify for 26 gold pieces
 26927 | Orc:2    | Bought a scroll of magic mapping for 45 gold pieces
 26927 | Orc:2    | Bought a scroll of teleportation for 39 gold pieces
 26980 | Orc:2    | Reached skill level 1 in Earth Magic
 27291 | D:12     | Found a glowing silver altar of Zin.
 27291 | D:12     | Noticed an angel
 27342 | D:12     | Found a runed translucent door.
 27490 | D:12     | Reached skill level 10 in Necromancy
 27523 | D:12     | Got a warped robe
 27534 | D:12     | Identified the +2 robe of Disappointment {MR+ Int+2 Dex-4}
                  | (You found it on level 12 of the Dungeon)
 28461 | D:13     | Found a gate leading to a gauntlet.
 28466 | Gauntlet | Entered a Gauntlet
 28466 | Gauntlet | Found a transporter.
 28466 | Gauntlet | Found a transporter.
 28467 | Gauntlet | Found a transporter.
 28467 | Gauntlet | Found a transporter.
 28471 | Gauntlet | Found a transporter.
 28472 | Gauntlet | Found a large runed translucent door.
 28473 | Gauntlet | Found a large runed translucent door.
 28474 | Gauntlet | Found a large runed translucent door.
 28474 | Gauntlet | Found a large runed translucent door.
 28474 | Gauntlet | Found a runed translucent door.
 28475 | Gauntlet | Found a large runed translucent door.
 28481 | Gauntlet | Found a transporter.
 28483 | Gauntlet | Found a transporter.
 28487 | Gauntlet | Found a transporter.
 28506 | Gauntlet | Found a large runed translucent door.
 28507 | Gauntlet | Found a large runed translucent door.
 28508 | Gauntlet | Found a large runed translucent door.
 28509 | Gauntlet | Found a runed translucent gate.
 28510 | Gauntlet | Found a runed translucent gate.
 28511 | Gauntlet | Found a transporter.
 28515 | Gauntlet | Found a transporter.
 29347 | D:14     | Reached skill level 5 in Earth Magic
 29457 | D:14     | Noticed Frances
 29878 | D:14     | Found Matalet's Assorted Antiques.
 29883 | D:14     | Bought a scroll of identify for 68 gold pieces
 29940 | D:14     | Found Uxziff's Jewellery Shop.
 30518 | D:14     | Found Iggexad's Magic Scroll Shoppe.
 30523 | D:14     | Bought a scroll of magic mapping for 35 gold pieces
 30523 | D:14     | Bought a scroll of enchant armour for 75 gold pieces
 30523 | D:14     | Bought a scroll of teleportation for 30 gold pieces
 30626 | D:14     | Found a gate to the Vaults.
 30876 | D:15     | Entered Level 15 of the Dungeon
 31900 | D:15     | Found a staircase to the Depths.
 31945 | D:15     | Reached XP level 15. HP: 95/115 MP: 19/27
 32151 | D:15     | Found Urixew's Antique Weapon Shop.
 32476 | Orc:1    | Learned a level 5 spell: Dispel Undead
 32577 | Orc:2    | Reached skill level 10 in Fighting
 32585 | Orc:2    | Found Cupt's Antique Weapon Shoppe.
 32585 | Orc:2    | Found Saxe's Book Emporium.
 32633 | Orc:2    | Found a one-way gate leading to the halls of Pandemonium.
 32653 | Orc:2    | Bought a book of Death for 910 gold pieces
 33040 | Spider:1 | Entered Level 1 of the Spider Nest
 33512 | Spider:1 | Noticed bmj180's ghost (adept GrEE)
 33513 | Spider:1 | Found the +2 ratskin cloak {+Rats rPois rN+ Str-1 Int-1
                  | Dex+1}
 33703 | Spider:1 | Found a runed translucent gate.
 33703 | Spider:1 | Found a runed translucent gate.
 33703 | Spider:1 | Found a runed translucent gate.
 34310 | Spider:2 | Slain by a demonic crawler

Skill      XL: |  1  2  3  4  5  6  7  8  9 10 11 12 13 14 15 |
---------------+----------------------------------------------+-----
Necromancy     | 5 6 7 8 9 11 12 | 12.6
Spellcasting   | 3 4 5 8 9 |  9.9
Short Blades   | 1 4 |  4.4
Maces & Flails | 3 |  3.0
Charms         | 4 |  4.0
Fighting       | 4 6 7 9 10 | 10.0
Translocations | 3 |  3.0
Fire Magic     | 3 |  3.4
Conjurations   | 3 4 |  4.0
Shields        | 1 4 |  4.4
Stealth        | 4 |  4.2
Dodging        | 4 6 7 |  7.8
Long Blades    | 4 10 13 | 13.8
Air Magic      | 1 4 |  4.7
Poison Magic   | 1 4 |  4.2
Earth Magic    | 5 |  5.0

Action                   |  1- 3 |  4- 6 |  7- 9 | 10-12 | 13-15 || total
-------------------------+-------+-------+-------+-------+-------++-------
Melee: Unarmed           |     6 |       |       |       |       ||     6
       Dagger            |    50 |    18 |       |       |       ||    68
       Bite              |     5 |    10 |    28 |   115 |   285 ||   443
       Whip              |       |    98 |   296 |   198 |       ||   592
       Long sword        |       |       |       |   504 |   210 ||   714
       Scimitar          |       |       |       |       |  1228 ||  1228
 Cast: Pain              |    48 |    24 |    42 |    39 |    27 ||   180
       Vampiric Draining |     2 |    13 |    47 |    85 |   122 ||   269
       Animate Skeleton  |       |     4 |     7 |    37 |    30 ||    78
       Animate Dead      |       |       |     8 |    38 |    79 ||   125
       Regeneration      |       |       |     5 |     7 |    28 ||    40
       Blink             |       |       |       |       |     5 ||     5
       Conjure Flame     |       |       |       |       |     4 ||     4
       Borgnjor's Vile C |       |       |       |       |    24 ||    24
       Mephitic Cloud    |       |       |       |       |     6 ||     6
Invok: Receive Corpses   |       |       |     2 |    28 |    55 ||    85
 Abil: End Transformatio |       |     1 |     5 |     5 |     5 ||    16
       Bat Form          |       |     1 |     5 |     5 |     5 ||    16
Evoke: Wand              |       |       |       |     4 |    10 ||    14
  Use: Potion            |     2 |     5 |    14 |    32 |    42 ||    95
       Scroll            |       |       |     5 |    12 |    23 ||    40
 Stab: Sleeping          |     5 |    11 |    10 |    20 |    24 ||    70
       Distracted        |       |       |     1 |    10 |    18 ||    29
       Confused          |       |       |       |       |     2 ||     2
       Invisible         |       |       |       |       |     2 ||     2
Armor: Robe              |     8 |    14 |    12 |    35 |   126 ||   195
       Leather armour    |       |       |    57 |    70 |       ||   127
Dodge: Dodged            |    29 |    89 |   230 |   470 |  1179 ||  1997
Block: Buckler           |       |       |     2 |   223 |   407 ||   632
       Rpst.: Long sword |       |       |       |    99 |    32 ||   131
       Scimitar          |       |       |       |       |   247 ||   247
